cohdb
Replays
Latest Replays
All Replays
Popular Replays
Top Player Replays
Match Explorer
How It Works
Community
CoH3 Stats
Reddit
Sign in to upload your games and track your stats! →
Sign in with Steam
Match 42619651
Unlisted
Match 42619651
Overview
Messages
Build Orders
End
Panzergrenadier Squad
250 Light Carrier
Panzergrenadier Squad
Construct Light Support Kompanie
2.5-tonne Medical Truck
MG34 Team
Panzerjäger Squad
Fire Support Elements
Panzerpioneer Squad
Pak 38 Mechanized Group
Combat Half-tracks
Panzerjäger Squad
Construct Panzerarmee Kommand
Selects Panzerjäger Kommand Battlegroup
Selects Tank Busters
Selects Mine Fields
Selects Early Warning
Selects Butterfly Bomb Drop
250 Light Carrier
MG34 Team
AI Takeover
Alpenmann
TheSphinx
ChuckleBerry
MZMZ
[82AD] PaulVmax
BAOBAB
Computer - Hard
FloppyBob
0
0
Comments
sign in to comment!
No comments posted yet!